 Dungeon Crawl Stone Soup version 0.29.1-1-gd02db69 (webtiles) character file.

Game seed: 17502247507086523700

73709 Timinator the Martial Artist (level 14, 0/118 HPs)
             Began as a Demigod Transmuter on Jan 19, 2023.
             Slain by an orc knight
             ... wielding a +2 vampiric war axe
              (11 damage)
             ... on level 2 of the Orcish Mines.
             The game lasted 01:27:05 (20513 turns).

Timinator the Martial Artist (Demigod Transmuter)  Turns: 20513, Time: 01:27:06

Health: 0/118      AC: 13    Str: 23    XL:     14   Next: 62%
Magic:  25/25      EV: 21    Int: 14    God:
Gold:   339        SH:  0    Dex: 21    Spells: 14/23 levels left

rFire   + . .      SeeInvis .     - Unarmed
rCold   + . .      Faith    .   (no shield)
rNeg    . . .      Spirit   .   G - +0 acid dragon scales
rPois   .          Reflect  .   (helmet currently unavailable)
rElec   .          Harm     .   j - scarf {rC+ rF+}
rCorr   +          Rampage  .   C - +0 pair of gloves
Will    ++...                   (boots currently unavailable)
Stlth   +.........              D - amulet of regeneration
HPRegen 1.09/turn               b - +4 ring of protection
MPRegen 0.19/turn               y - ring of willpower

@: confused, mighty, appendages, ambrosia-drunk, wereblooded, studying Unarmed
Combat
A: horns 2, talons 2, high MP 1, forlorn, divine attributes, iridescent scales
1, sense surroundings 1, strong 1
a: End Transformation


You were on level 2 of the Orcish Mines.
You had temporarily grown beastly horns and talons.
You visited 3 branches of the dungeon, and saw 17 of its levels.

You collected 1729 gold pieces.
You spent 1390 gold pieces at shops.

Inventory:

Missiles
 h - a throwing net
 s - 46 poisoned darts (quivered)
 t - 4 javelins
 I - a curare-tipped dart
 W - 5 silver javelins
Armour
 j - a scarf of resistance (worn)
 l - a +1 cloak
 C - a +0 pair of gloves (worn)
 G - +0 acid dragon scales (worn)
 H - a +1 pair of boots (melded)
Jewellery
 b - a +4 ring of protection (left hand)
 m - a ring of flight
 p - a ring of see invisible
 v - a +4 ring of evasion
 y - a ring of willpower (right hand)
 D - an amulet of regeneration (around neck)
 E - a +4 ring of protection
 N - a +6 ring of dexterity
 U - a ring of resist corrosion
Wands
 i - a wand of flame (10)
 B - a wand of polymorph (10)
 P - a wand of mindburst (20)
 Q - a wand of charming (6)
 R - a wand of roots (15)
 V - a wand of acid (8)
Scrolls
 c - a scroll of blinking {unknown}
 d - 2 scrolls of fog
 f - 3 scrolls of vulnerability
 g - 4 scrolls of poison
 n - 2 scrolls of enchant weapon
 q - 6 scrolls of teleportation
 w - 6 scrolls of noise
 x - a scroll of immolation {unknown}
 A - a scroll of summoning
 F - 2 scrolls of brand weapon
 L - a scroll of torment
 M - a scroll of magic mapping
 O - a scroll of silence {unknown}
Potions
 a - 9 potions of flight
 e - 5 potions of curing
 k - 4 potions of resistance
 r - 8 potions of mutation
 u - 2 potions of attraction
 z - 3 potions of brilliance
 J - a potion of cancellation
 S - a potion of haste
 X - a potion of might
Miscellaneous
 K - a phantom mirror


   Skills:
 + Level 9.1 Fighting
 - Level 5.0 Throwing
 - Level 3.0 Armour
 * Level 12.8 Dodging
 * Level 13.7 Unarmed Combat
 - Level 5.0 Spellcasting
 * Level 12.7 Transmutations
 - Level 3.0 Ice Magic


You had 14 spell levels left.
You knew the following spells:

 Your Spells              Type           Power      Damage    Failure   Level
a - Beastly Appendage     Tmut           78%        N/A       1%          1
b - Wereblood             Tmut           39%        N/A       1%          2
c - Ice Form              Ice/Tmut       25%        N/A       9%          4
d - Blink                 Tloc           6%         N/A       32%         2

Your spell library contained the following spells:

 Spells                   Type           Power      Damage    Failure   Level
 Sting                    Tmut/Pois      84%        1d7       1%          1
 Spider Form              Tmut/Pois      21%        N/A       4%          3
 Necrotise                Necr           12%        1d4       22%         1
 Poisonous Vapours        Pois/Air       6%         N/A       32%         2
 Scorch                   Fire           6%         2d5       32%         2
 Alistair's Intoxication  Tmut/Pois      14%        N/A       41%         5
 Call Canine Familiar     Summ           3%         N/A       54%         3
 Portal Projectile        Hex/Tloc       6%         N/A       54%         3
 Vampiric Draining        Necr           3%         2d6       54%         3
 Flame Wave               Conj/Fire      3%         2d5       91%         4
 Leda's Liquefaction      Hex/Erth       1%         N/A       91%         4
 Olgreb's Toxic Radiance  Pois           3%         N/A       91%         4
 Eringya's Noxious Bog    Tmut/Pois      10%        N/A       94%         6
 Agony                    Necr           3%         N/A       99%         5
 Borgnjor's Vile Clutch   Necr/Erth      1%         N/A       99%         5
 Manifold Assault         Tloc           3%         N/A       99%         5
 Summon Forest            Summ/Tloc      1%         N/A       99%         5
 Summon Mana Viper        Hex/Summ       3%         N/A       99%         5
 Summon Cactus Giant      Summ           1%         N/A       100%        6
 Storm Form               Tmut/Air       10%        N/A       100%        7


Dungeon Overview and Level Annotations

Branches:
Dungeon (10/15)            Temple (0/1) D:6            Lair (5/5) D:9
 Shoals (0/4) Lair:2        Snake (0/4) Lair:2        Slime (0/5) Lair:4
    Orc (2/2) D:10            Elf (0/3) Orc:2

Shops:
Orc:2 !!(::(

Portals:
Pandemonium: Orc:2

Annotations:
D:8 2 transporters, mdmota's ghost, novice DjCK
Orc:1 3 runed translucent doors, Timinator's ghost, journeyman DgTm


Innate Abilities, Weirdness & Mutations

You have temporarily grown beastly horns and talons.
You have an increased reservoir of magic. (+10% MP)
You shall have no god before yourself.
Your divine heritage dramatically boosts your attributes as you level up.
You are partially covered in iridescent scales. (AC +2)
You passively map a small area around you.
Your muscles are strong. (Str +4, Int/Dex -1)


Message History

The orc warrior wields a +0 arbalest.
The orc warrior shoots a bolt.
The bolt completely misses you.
The orc warlord roars a battlecry!
You pummel the warg!!
You kill the warg!
You punch the two-headed ogre! You claw the two-headed ogre!
The two-headed ogre is moderately wounded.
The orc warrior shoots a bolt.
The bolt completely misses you.
You pummel the two-headed ogre!! You claw the two-headed ogre.
You kill the two-headed ogre!
Your life force feels restored.
You closely miss the orc knight. You claw the orc knight!
You headbutt the orc knight!
The orc knight is moderately wounded.
The orc warrior throws a boomerang.
The boomerang hits you but does no damage.
The orc knight hits you with a +2 vampiric war axe!!
The orc misses you.
The orc warrior throws a boomerang.
The boomerang misses you.
The orc knight hits you with a +2 vampiric war axe!!!
You climb downwards.
There is a stone staircase leading up, spattered with blood here.
You see here a warg corpse.
You hit the orc. You claw the orc.
You feel a bit better.
You kill the orc!
You pummel the orc knight!!
You claw the orc knight, but do no damage.
The orc knight is severely wounded.
The orc knight completely misses you.
You punch the orc knight! You claw the orc knight.
The orc knight is almost dead.
The orc knight hits you with a +2 vampiric war axe!!!
* * * LOW HITPOINT WARNING * * *
The orc knight draws strength from your wounds!
Okay, then.
Okay, then.
You are confused.
You feel invigorated.
The orc knight hits you with a +2 vampiric war axe!
You die...

##.....................##
##......................#
#......................##
##......##..............###
##......................#.#####
#..........................##.###
##.................#......##....#
#....#[.......[[o....#..####....
##..##.........)@)##......##.##.#
#....##.#......)[).......##...#.#
##....#[[..............#.#.......
###.#..........................≈
###...[##.................#...≈≈
##.............................≈≈
#................................
##.............................≈≈
#.....#.##...........)........≈≈


You could see an orc knight (strong).

Vanquished Creatures
  Kirke (Lair:3)
  An ettin (Orc:2)
  An ice dragon (Lair:3)
  3 demonspawn (Orc:2)
  3 hydras
  4 two-headed ogres
  2 centaur warriors (D:9)
  A catoblepas (Lair:4)
  11 death yaks
  2 tengu warriors (D:9)
  7 orc high priests (Orc:2)
  Urug (Orc:1)
  Sonja (Lair:3)
  14 spriggans (Lair:5)
  A skeletal warrior (D:10)
  6 orc knights (Orc:2)
  4 cyclopes (D:9)
  7 orc sorcerers
  2 manticores
  6 elephants (Lair:2)
  An ice statue (Lair:3)
  A gargoyle (D:10)
  An orange demon (Orc:2)
  3 black mambas
  An unseen horror (D:10)
  A torpor snail (Lair:3)
  9 cane toads
  4 rime drakes
  10 komodo dragons
  An ice devil (Lair:3)
  A hellwing (Orc:2)
  9 polar bears
  A red devil (Orc:2)
  4 trolls
  4 slime creatures
  6 hornets (Lair:5)
  5 blink frogs (Lair:4)
  A wraith (D:9)
  8 wyverns
  50 yaks
  A dire elephant simulacrum (Lair:3)
  3 basilisks
  Grum (D:9)
  2 steam dragons (D:8)
  Menkaure (D:6)
  3 nagas (Lair:2)
  5 wargs
  11 water moccasins
  An acid dragon (D:9)
  Duvessa (D:5)
  35 orc warriors
  An ice beast (D:8)
  4 black bears (Lair:5)
  4 boggarts (Lair:5)
  29 wolves
  6 ogres
  9 centaurs
  A phantom (D:7)
  4 kobold brigands
  11 bullfrogs
  A two-headed ogre simulacrum (Lair:3)
  4 scorpions
  5 wights (D:10)
  Dowan (D:5)
  A troll skeleton (D:10)
  9 killer bees (D:9)
  3 electric eels
  6 howler monkeys
  5 spriggan skeletons (D:10)
  19 orc priests
  A gnoll bouda (D:7)
  2 hounds (D:7)
  4 jellies
  Ijyb (D:5)
  5 iguanas
  16 orc wizards
  A wolf simulacrum (Lair:3)
  10 gnolls
  5 adders
  A naga simulacrum (Lair:3)
  A shadow imp (D:6)
  An ufetubus (D:5)
  2 worms
  A dart slug (D:3)
  67 orcs
  7 ball pythons
  7 bats
  9 endoplasms
  2 giant cockroaches (D:3)
  7 goblins
  5 hobgoblins
  26 kobolds
  6 quokkas
  11 frilled lizards
  7 rats
591 creatures vanquished.

Vanquished Creatures (others)
  34 fungi
  50 plants
84 creatures vanquished.

Grand Total: 675 creatures vanquished

Notes
Turn   | Place    | Note
-------+----------+-------------------------------------------
     0 | D:1      | Timinator the Demigod Transmuter began the quest for the
                  | Orb.
     0 | D:1      | Reached XP level 1. HP: 15/15 MP: 5/5
   151 | D:1      | Reached skill level 1 in Fighting
   391 | D:1      | Reached XP level 2. HP: 23/23 MP: 2/7
   679 | D:1      | Reached skill level 3 in Unarmed Combat
  1033 | D:2      | Reached XP level 3. HP: 28/28 MP: 8/8
  2158 | D:3      | Learned a level 2 spell: Wereblood
  2218 | D:3      | Reached XP level 4. HP: 32/35 MP: 8/10
  2376 | D:3      | Noticed an earth elemental
  2382 | D:3      | Noticed an air elemental
  2382 | D:3      | Noticed a fire elemental
  2382 | D:3      | Noticed a water elemental
  2856 | D:4      | Reached skill level 1 in Armour
  3011 | D:4      | Noticed an ogre
  3032 | D:4      | Killed an ogre
  3033 | D:4      | Reached XP level 5. HP: 41/41 MP: 9/12
  3109 | D:4      | Noticed an ogre
  3409 | D:4      | Gained mutation: You passively map a small area around you.
                  | [potion of mutation]
  3409 | D:4      | Gained mutation: Your muscles are strong. (Str +4, Int/Dex
                  | -1) [potion of mutation]
  3409 | D:4      | Gained mutation: You are partially covered in iridescent
                  | scales. (AC +2) [potion of mutation]
  3460 | D:4      | Killed an ogre
  3461 | D:4      | Reached XP level 6. HP: 29/48 MP: 11/13
  4163 | D:5      | Entered Level 5 of the Dungeon
  4191 | D:5      | Reached skill level 4 in Unarmed Combat
  4559 | D:5      | Noticed Ijyb
  4572 | D:5      | Killed Ijyb
  5184 | D:5      | Noticed Duvessa
  5185 | D:5      | Noticed Dowan
  5348 | D:5      | Reached XP level 7. HP: 56/56 MP: 12/14
  5500 | D:5      | Killed Duvessa
  5501 | D:5      | Killed Dowan
  5984 | D:6      | Identified the +7 halberd "Dawuit" {pain, Dex+6}
  6205 | D:6      | Noticed Menkaure
  6215 | D:6      | Reached skill level 5 in Unarmed Combat
  6228 | D:6      | Killed Menkaure
  6229 | D:6      | Reached XP level 8. HP: 21/63 MP: 15/15
  6785 | D:6      | Found a staircase to the Ecumenical Temple.
  7155 | D:7      | Reached skill level 5 in Dodging
  7386 | D:7      | Noticed a manticore
  7392 | D:7      | Reached skill level 5 in Transmutations
  7462 | D:7      | Reached skill level 1 in Throwing
  7871 | D:7      | Killed a manticore
  7872 | D:7      | Reached skill level 6 in Unarmed Combat
  8166 | D:7      | Reached XP level 9. HP: 71/71 MP: 14/16
  8462 | D:8      | Reached skill level 7 in Unarmed Combat
  8607 | D:8      | Noticed mdmota's ghost (novice DjCK)
  8619 | D:8      | Found a transporter.
  8637 | D:8      | Found a transporter.
  9286 | D:9      | Noticed a centaur warrior
  9310 | D:9      | Killed a centaur warrior
  9311 | D:9      | Reached XP level 10. HP: 67/80 MP: 15/18
  9448 | D:9      | Found a staircase to the Lair.
  9463 | D:9      | Noticed Grum
  9489 | D:9      | Killed Grum
  9490 | D:9      | Reached skill level 5 in Fighting
  9739 | D:9      | Noticed a cyclops
  9747 | D:9      | Noticed a cyclops
  9751 | D:9      | Killed a cyclops
  9751 | D:9      | Noticed a tengu warrior
  9765 | D:9      | Killed a cyclops
  9766 | D:9      | Reached skill level 8 in Unarmed Combat
  9793 | D:9      | Noticed a manticore
  9808 | D:9      | Killed a manticore
  9838 | D:9      | Noticed a centaur warrior
  9839 | D:9      | Noticed a cyclops
  9852 | D:9      | Killed a cyclops
  9873 | D:9      | Killed a tengu warrior
  9888 | D:9      | Killed a centaur warrior
 10166 | D:9      | Reached XP level 11. HP: 77/88 MP: 22/22
 10203 | D:9      | Reached skill level 5 in Spellcasting
 10247 | D:9      | Noticed a tengu warrior
 10266 | D:9      | Killed a tengu warrior
 10402 | D:9      | Learned a level 4 spell: Ice Form
 10435 | D:10     | Entered Level 10 of the Dungeon
 10441 | D:10     | Found a staircase to the Orcish Mines.
 10885 | D:10     | Noticed a skeletal warrior
 11151 | D:10     | Noticed a two-headed ogre
 11169 | D:10     | Killed a two-headed ogre
 11170 | D:10     | Reached skill level 1 in Ice Magic
 11252 | D:10     | Killed a skeletal warrior
 11253 | D:10     | Reached skill level 9 in Unarmed Combat
 11329 | D:10     | Noticed a four-headed hydra
 11340 | D:10     | Killed a four-headed hydra
 12024 | Lair:1   | Entered Level 1 of the Lair of Beasts
 12562 | Lair:1   | Noticed a six-headed hydra
 12572 | Lair:1   | Killed a six-headed hydra
 12800 | Lair:1   | Reached XP level 12. HP: 97/97 MP: 21/23
 13329 | Lair:2   | Reached skill level 10 in Unarmed Combat
 13354 | Lair:2   | Found a staircase to the Shoals.
 13492 | Lair:2   | Reached skill level 10 in Dodging
 13500 | Lair:2   | Reached skill level 10 in Transmutations
 13713 | Lair:2   | Found a staircase to the Snake Pit.
 14143 | Lair:3   | Noticed Sonja
 14259 | Lair:3   | Killed Sonja
 14498 | Lair:3   | Noticed Kirke
 14509 | Lair:3   | Noticed a sphinx
 14512 | Lair:3   | Killed Kirke
 14513 | Lair:3   | Reached skill level 11 in Unarmed Combat
 14854 | Lair:3   | Noticed an ice dragon
 14867 | Lair:3   | Reached XP level 13. HP: 105/105 MP: 18/24
 15841 | Lair:4   | Found a staircase to the Slime Pits.
 16465 | Lair:5   | Entered Level 5 of the Lair of Beasts
 16610 | Lair:5   | Paralysed by a hornet for 1 turns
 16674 | Lair:5   | Reached skill level 12 in Unarmed Combat
 16966 | Lair:5   | Found the +3 giant club "Skullcrusher" {speed, Str+7}
 17134 | Lair:5   | Paralysed by a hornet for 3 turns
 17752 | Orc:1    | Entered Level 1 of the Orcish Mines
 17771 | D:10     | Learned a level 2 spell: Blink
 17791 | Orc:1    | Reached XP level 14. HP: 116/116 MP: 25/25
 17853 | Orc:1    | Found a runed translucent gate.
 17854 | Orc:1    | Found a runed translucent gate.
 17854 | Orc:1    | Found a runed translucent gate.
 17856 | Orc:1    | Noticed Timinator's ghost (journeyman DgTm)
 17874 | Orc:1    | Noticed Urug
 17920 | Orc:1    | Killed Urug
 18065 | Orc:2    | Entered Level 2 of the Orcish Mines
 18290 | Orc:2    | Found Bavveah's Self-Improvement Boutique.
 18308 | Orc:2    | Bought a manual of Unarmed Combat for 960 gold pieces
 18361 | Orc:2    | Found a staircase to the Elven Halls.
 18455 | Orc:2    | Reached skill level 5 in Throwing
 18476 | Orc:1    | Noticed an orc warlord
 18586 | Orc:2    | Found Ojeppiq's Distillery.
 18587 | Orc:2    | Found Qiorad's Distillery.
 19262 | Orc:2    | Bought a potion of berserk rage for 70 gold pieces
 19262 | Orc:2    | Bought a potion of curing for 42 gold pieces
 19262 | Orc:2    | Bought a potion of curing for 42 gold pieces
 19262 | Orc:2    | Bought a potion of haste for 140 gold pieces
 19264 | Orc:2    | Bought a potion of might for 68 gold pieces
 19264 | Orc:2    | Bought a potion of might for 68 gold pieces
 19314 | Orc:2    | Paralysed by an orc sorcerer for 4 turns
 19363 | Orc:2    | Reached skill level 13 in Unarmed Combat
 19789 | Orc:2    | Found Wire Bau's Book Boutique.
 19789 | Orc:2    | Found a one-way gate leading to the halls of Pandemonium.
 19789 | Orc:2    | Found Arierru's Antique Weapon Shop.
 19792 | Orc:2    | Paralysed by an orc sorcerer for 3 turns
 20141 | Orc:2    | Found Buetrym's Weapon Boutique.
 20513 | Orc:2    | Slain by an orc knight

Illustrated notes

Levels and vault maps discovered:
D:1:      lemuel_arrival_hallway, layout_loops_ring
D:2:      layout_basic, ebering_ecumenical_altar_webs
D:3:      layout_rooms, nicolae_qazlal_style_of_elements,
          mainiacjoe_overflow_six_doors_small, hex_tiny, minmay_liquid_box,
          kennysheep_cross_room, minmay_lizard_king
D:4:      layout_basic, mainiacjoe_overflow_alcove_1,
          mainiacjoe_overflow_tiny_flanked
D:5:      layout_gridville, lemuel_round_altar, uniq_ijyb, uniq_duvessa
D:6:      layout_basic, mainiacjoe_overflow_brackets,
          fedhas_bush_and_centaur_altar, minmay_temple_entry_offerings,
          uniq_menkaure
D:7:      layout_layer_cave, makhleb_heckhound_becter
D:8:      layout_loops_ring, lemuel_round_altar, gammafunk_ghost_stat_death
D:9:      minmay_the_grid_triangle_9x9_recursive_2_mashed
          [minmay_the_grid_triangle_9x9_prize_top_heavy,
          minmay_the_grid_triangle_9x9_negative_grid,
          minmay_the_grid_triangle_9x9_swiss_cheese,
          minmay_the_grid_triangle_9x9_limited_checkers], layout_long_grid,
          dpeg_oklobed_lair, kb_rosetta, uniq_grum
D:10:     layout_stronghold, orc_0_dummy, minivault_20, hangedman_tell_no_tales
Lair:1:   hellmonk_destroyed_diamonds, layout_hall_layers
Lair:2:   layout_loops_ring, minmay_shoals_entry_centaurs,
          guppyfry_snake_entry_island
Lair:3:   dreamdust_isle_of_ice, layout_misc_corridors, serial_bayou_crossing,
          infiniplex_staircase_pool, uniq_sonja, uniq_kirke
Lair:4:   layout_regular_city, minmay_slime_entry_pillars, lemuel_centaur_altar
Lair:5:   minmay_lair_end_enchanted_forest, layout_big_grid,
          nicolae_quartered_pool_medium, grunt_forest_small_clearings,
          gammafunk_lair_bear_cave
Orc:1:    layout_diamond_mine, gammafunk_ghost_fury_of_okawaru, uniq_urug
Orc:2:    pf_orc_diabolical, layout_caves, basic_altar, serial_shops,
          nicolae_shop_behind_doors, nicolae_orc_pool_cavern,
          nicolae_shop_self_help

Skill      XL: |  1  2  3  4  5  6  7  8  9 10 11 12 13 14 |
---------------+-------------------------------------------+-----
Fighting       | 1 2 3 4 5 6 7 8 9 |  9.1
Spellcasting   | 2 3 4 5 |  5.0
Dodging        | 2 3 4 5 7 8 9 10 11 12 | 12.8
Unarmed Combat | 3 4 5 6 7 8 9 11 12 13 | 13.7
Transmutations | 2 3 4 5 6 7 9 10 11 12 | 12.7
Armour         | 1 2 3 |  3.0
Throwing       | 1 2 3 4 5 |  5.0
Ice Magic      | 2 3 |  3.0

Action                   |  1- 3 |  4- 6 |  7- 9 | 10-12 | 13-15 || total
-------------------------+-------+-------+-------+-------+-------++-------
Melee: Unarmed           |   105 |   158 |   325 |   665 |   928 ||  2181
       Kick              |    17 |    24 |   116 |   185 |   290 ||   632
       Headbutt          |     9 |    21 |    68 |   137 |   193 ||   428
       Punch             |     1 |     3 |    11 |    35 |    53 ||   103
Throw: Dart              |       |    13 |    21 |    18 |    21 ||    73
       Throwing net      |       |       |     2 |     2 |       ||     4
 Cast: Beastly Appendage |    24 |    27 |    42 |    39 |    57 ||   189
       Wereblood         |       |     3 |    12 |    26 |    43 ||    84
       Ice Form          |       |       |       |    18 |     7 ||    25
Evoke: Wand              |       |       |     1 |     2 |       ||     3
  Use: Scroll            |       |     7 |     6 |    10 |     4 ||    27
       Potion            |       |     3 |     7 |     8 |     8 ||    26
 Stab: Sleeping          |     3 |       |       |       |       ||     3
       Distracted        |       |       |       |       |     1 ||     1
Armor: Robe              |     9 |       |       |       |       ||     9
       Leather armour    |    17 |    18 |       |       |       ||    35
       Ring mail         |       |    25 |   165 |    16 |       ||   206
       Skin              |       |    25 |       |   114 |    45 ||   184
       Acid dragon scale |       |       |       |   136 |   167 ||   303
Dodge: Dodged            |    65 |    86 |   290 |   505 |   756 ||  1702
